 Dungeon Crawl Stone Soup version 0.29-a0-284-gf9362112df (webtiles) character file.

Game seed: 13818543195795387548

37 sammy202020 the Skirmisher (level 3, -4/24 HPs)
             Began as a Gargoyle Berserker on Mar 20, 2022.
             Was a Follower of Trog.
             Killed from afar by Sigmund (6 damage)
             ... with a magic dart
             ... on level 2 of the Dungeon.
             The game lasted 00:01:00 (1191 turns).

sammy202020 the Skirmisher (Gargoyle Berserker)     Turns: 1191, Time: 00:01:01

Health: -4/24      AC:  5    Str: 20    XL:     3   Next: 39%
Magic:  3/3        EV: 12    Int:  9    God:    Trog [*.....]
Gold:   74         SH:  0    Dex:  9    Spells: 2/2 levels left

rFire   . . .      SeeInvis .   a - +0 mace
rCold   . . .      Faith    .   (no shield)
rNeg    + . .      Spirit   .   b - +0 animal skin
rPois   ∞          Reflect  .   (no helmet)
rElec   +          Harm     .   (no cloak)
rCorr   .          Rampage  .   (no gloves)
Will    .....                   (no boots)
Stlth   +.........              (no amulet)
HPRegen 0.08/turn               f - ring of flight
MPRegen 0.08/turn               (no ring)

@: confused, on berserk cooldown, flying, slowed, very slow
A: sickness immunity, AC +3, negative energy resistance 1, electricity
resistance, torment resistance 1, petrification resistance
a: Renounce Religion, Berserk


You were on level 2 of the Dungeon.
You worshipped Trog.
Trog was aware of your devotion.
You visited 1 branch of the dungeon, and saw 2 of its levels.

You collected 74 gold pieces.

Inventory:

Hand Weapons
 a - a +0 mace (weapon)
Armour
 b - a +0 animal skin (worn)
Jewellery
 f - a ring of flight (left hand)
Scrolls
 c - a scroll of torment {unknown}
 d - a scroll of vulnerability {unknown}
 g - a scroll of enchant weapon {unknown}
Potions
 e - a potion of attraction {unknown}


   Skills:
 * Level 3.8 Fighting
 * Level 3.3 Maces & Flails
 * Level 3.0 Armour
 + Level 1.8 Dodging


You had 2 spell levels left.
You didn't know any spells.
Your spell library was empty.

Dungeon Overview and Level Annotations

Branches:
Dungeon (2/15)

Altars:
Ru

Annotations:
D:2 Sigmund


Innate Abilities, Weirdness & Mutations

You are immune to sickness and miasma.
Your stone body is resilient. (AC +3)
You are immune to poison.
You resist negative energy. (rN+)
You are resistant to electric shocks. (rElec)
You are resistant to unholy torment.
You are immune to petrification.


Message History

Found a scroll labelled PEPASTRUOHETU.
Sigmund points at you and mumbles some strange words.
You are confused.
You are too confused!
Found a glowing bone ring, an ancient dagger and 11 gold pieces.
Sigmund closely misses you. Sigmund casts a spell at you.
The magic dart hits you! Sigmund barely misses you.
You bump into the rock wall.
Sigmund closely misses you.
You bump into the rock wall.
You feel less confused.
A red film seems to cover your vision as you go berserk!
You feel yourself moving faster!
You feel mighty! Sigmund barely misses you.
You feel a strong urge to attack something.
You closely miss Sigmund. Sigmund hits you with a +0 scythe!
You thump Sigmund!
Sigmund is moderately wounded.
You closely miss Sigmund.
Sigmund is moderately wounded.
Sigmund gestures wildly while chanting.
Sigmund flickers and vanishes!
Deactivating autopickup; reactivate with Ctrl-A.
You closely miss something. Something hits you!
* * * LOW HITPOINT WARNING * * *
You barely miss something. You barely miss something.
You hear some strange, mumbled words.
You are confused.
Something hits you!
* * * LOW HITPOINT WARNING * * *
You feel a strong urge to attack something.
You bump into the rock wall.
You are no longer berserk.
You are exhausted.
You feel yourself slow down.
You hear some strange, mumbled words.
A magic dart appears from out of thin air!
The magic dart hits you.
You die...

#..$ ... .)
#####.#####+###
######
......=#......#
#.....
......:#......#
#.####
.......{......####
#..<
?...!#@###......#
#.## ...
#..##......# # # #
##.##......# .
#..#.###### ####
##.#.# #...
#...#######.#.##
##..........#.#
#...###### #.#
#........###.#


There were no monsters in sight!

Vanquished Creatures
  An adder (D:2)
  A worm (D:2)
  A dart slug (D:1)
  2 bats (D:1)
  5 endoplasms (D:1)
  2 giant cockroaches
  2 goblins (D:1)
  2 hobgoblins
  A quokka (D:1)
  2 ball pythons (D:1)
  2 frilled lizards (D:1)
  A rat (D:1)
22 creatures vanquished.

Notes
Turn   | Place    | Note
-------+----------+-------------------------------------------
     0 | D:1      | sammy202020 the Gargoyle Berserker began the quest for the
                  | Orb.
     0 | D:1      | Reached XP level 1. HP: 14/14 MP: 1/1
   189 | D:1      | Reached XP level 2. HP: 18/19 MP: 2/2
   813 | D:2      | Reached XP level 3. HP: 13/24 MP: 3/3
   952 | D:2      | Found a sacrificial altar of Ru.
  1171 | D:2      | Noticed Sigmund
  1191 | D:2      | Killed from afar by Sigmund

Illustrated notes

Levels and vault maps discovered:
D:1:      dpeg_arrival_round_c, layout_basic
D:2:      layout_basic, basic_altar, uniq_sigmund

Skill      XL: |  1  2  3 |
---------------+----------+-----
Armour         | 3 |  3.0
Fighting       | |  3.8
Maces & Flails | |  3.3
Dodging        | |  1.8

Action                   || total
-------------------------++-------
Melee: Mace              ||    61
Invok: Berserk           ||     2
Armor: Animal skin       ||    24
Dodge: Dodged            ||    40

Table legend: (Time is in decaauts)
 A = Elapsed time spent in this place.
 B = Non-inter-level travel time spent in this place.
 C = Inter-level travel time spent in this place.
 D = Time resting spent in this place.
 E = Time spent auto-exploring this place.
 F = Levels seen in this place.
 G = Mean time per level.
                   A        B        C        D        E       F      G
               +--------+--------+--------+--------+--------+-----+--------+
         Total |   1210 |   1210 |      0 |      0 |   1008 |   2 |  605.0 |
       Dungeon |   1210 |   1210 |      0 |      0 |   1008 |   2 |  605.0 |
               +--------+--------+--------+--------+--------+-----+--------+

Top non-repeatable levels by time:
     D:1: 797 daAuts
     D:2: 412 daAuts
